 Dungeon Sprint DCSS version 0.28-a0-206-gc2c9e32840 (webtiles) character file.

Game seed: 15717831577762935889

60 MikeHunt the Magician (level 4, -8/37 HPs)
             Began as a Djinni Conjurer on Aug 20, 2021.
             Was an Initiate of Makhleb.
             Mangled by a komodo dragon (15 damage)
             ... in the Dungeon (Sprint IX: "|||||||||||||||||||||||||||||").
             The game lasted 00:01:26 (400 turns).

MikeHunt the Magician (Djinni Conjurer)              Turns: 400, Time: 00:01:27

Health: -8/37      AC:  4    Str: 10    XL:     4   Next: 25%
Gold:   0          EV: 13    Int: 19    God:    Makhleb [......] SH:  0 Dex: 15

rFire   + + .      SeeInvis .   (no weapon)
rCold   x . .      Faith    .   (no shield)
rNeg    . . .      Spirit   .   a - +0 robe
rPois   ∞          Reflect  .   j - +0 helmet
rElec   .          Harm     .   (no cloak)
rCorr   .          Rampage  .   k - +0 pair of gloves
Will    .....      NoTele   +   (boots unavailable)
Stlth   ++........              (no amulet)
HPRegen 0.12/turn               l - +3 ring of strength
MPRegen 0.00/turn               m - +3 ring of dexterity

@: flying, very slightly contaminated, invisible
A: sickness immunity, fire resistance 2, cold vulnerability 1, float, innate
caster, hp casting, extra vitality 1
a: Renounce Religion


You were in the Dungeon.
You worshipped Makhleb.
Makhleb was noncommittal.
You visited 1 branch

Inventory:

Hand Weapons
 i - a +2 scimitar of flaming
Armour
 a - a +0 robe (worn)
 j - a +0 helmet (worn)
 k - a +0 pair of gloves (worn)
Jewellery
 l - a +3 ring of strength (left hand)
 m - a +3 ring of dexterity (right hand)
Wands
 h - a wand of acid (10)
Scrolls
 f - 2 scrolls of blinking
Potions
 b - 5 potions of curing
 c - 2 potions of heal wounds
 d - a potion of haste
 e - a potion of berserk rage


   Skills:
 + Level 4.2 Fighting
 - Level 3.2 Dodging
 - Level 2.5 Stealth
 + Level 5.1 Spellcasting


You couldn't memorise any spells.
You knew the following spells:

 Your Spells              Type           Power      Damage    Failure   Level
b - Pain                  Necr           96%        1d8       1%          1
c - Dazzling Flash        Conj/Hex       48%        N/A       4%          3
d - Iskenderun's Mystic   Conj/Tloc      24%        2d7       16%         4
e - Magic Dart            Conj           96%        1d7       1%          1
r - Searing Ray           Conj           48%        3d5       2%          2
t - Fulminant Prism       Conj/Hex       12%        3d9       16%         4
Your spell library was empty.

Dungeon Overview and Level Annotations

Branches:
Dungeon (1/1)

Altars:
Cheibriados
Dithmenos
Elyvilon
Fedhas
Gozag
Hepliaklqana
Kikubaaqudgha
Makhleb
Nemelex Xobeh
Okawaru
Qazlal
Ru
Sif Muna
Trog
Uskayaw
Vehumet
Wu Jian
Xom
Yredelemnul
Zin
The Shining One
Beogh
Jiyva
Lugonu


Innate Abilities, Weirdness & Mutations

You are immune to sickness and miasma.
You are immune to poison.
Your flesh is very heat resistant. (rF++)
You are vulnerable to cold. (rC-)
You float through the air rather than walking.
You learn spells naturally, not from books.
Your magical power is your life essence.
You have superior vitality. (+4 HP)


Message History

Okay, then.
Unknown command.
You feel much better. The komodo dragon bites you!
* * * LOW HITPOINT WARNING * * *
Casting: Searing Ray (safe; 2% risk of failure)
Confirm with . or Enter, or press ? or * to list all spells.
Aiming: Searing Ray (safe; 2% risk of failure)
Press: ? - help, Shift-Dir - straight line, f - komodo dragon
Aim: a komodo dragon (85% to hit)
The searing ray hits the komodo dragon.
The komodo dragon is lightly wounded.
The searing ray hits the shadow.
The shadow is lightly damaged.
The searing ray hits the kobold brigand!
The kobold brigand is moderately wounded. (Press . to maintain the ray.)
* * * LOW HITPOINT WARNING * * *
The shadow slips into darkness.
The shadow flickers and vanishes!
Deactivating autopickup; reactivate with Ctrl-A.
The searing ray hits the komodo dragon!
The komodo dragon is moderately wounded.
The searing ray hits something.
The searing ray hits the kobold brigand!
The kobold brigand is severely wounded.
* * * LOW HITPOINT WARNING * * *
The searing ray hits the komodo dragon!
The komodo dragon is heavily wounded.
The searing ray hits something!
The searing ray misses the kobold brigand.
* * * LOW HITPOINT WARNING * * *
The komodo dragon barely misses you.
The searing ray hits the komodo dragon.
The komodo dragon is heavily wounded.
The searing ray hits something.
The searing ray hits the kobold brigand!
The kobold brigand is almost dead.
* * * LOW HITPOINT WARNING * * *
You finish channeling your searing ray.
The komodo dragon bites you!
You die... ▓▓▓▓▓▓▓▓▓▓▓▓▓▓▓▓▓▓▓▓▓▓▓▓▓ ________'!?)...[@l{KK.YD. ▓▓▓▓▓▓▓▓▓▓▓▓▓▓▓▓▓▓▓▓▓▓▓▓▓

You could see a komodo dragon, a yak (wandering), an acid dragon and 2 kobold brigands.

Vanquished Creatures
  A jelly (D)
  An adder (D)
  A gnoll (D)
  A dart slug (D)
  An orc (D)
  An endoplasm (D)
  A giant cockroach (D)
  A hobgoblin (D)
  A quokka (D)
  A frilled lizard (D)
10 creatures vanquished.

Notes
Turn   | Place    | Note
-------+----------+-------------------------------------------
     0 | D        | MikeHunt the Djinni Conjurer began the quest for the Orb.
     0 | D        | Reached XP level 1. HP: 15/15 MP: 0/0
    12 | D        | Reached XP level 2. HP: 5/21 MP: 0/0
   277 | D        | Reached skill level 4 in Spellcasting
   277 | D        | Reached XP level 3. HP: 24/28 MP: 0/0
   277 | D        | Learned a level 1 spell: Pain
   278 | D        | Reached XP level 4. HP: 31/37 MP: 0/0
   279 | D        | Reached skill level 5 in Spellcasting
   333 | D        | Found a snail-covered altar of Cheibriados.
   333 | D        | Found a shadowy altar of Dithmenos.
   333 | D        | Found a white marble altar of Elyvilon.
   333 | D        | Found a blossoming altar of Fedhas.
   333 | D        | Found an opulent altar of Gozag.
   334 | D        | Found a hazy altar of Hepliaklqana.
   335 | D        | Found a viscous altar of Jiyva.
   337 | D        | Found a corrupted altar of Lugonu.
   338 | D        | Found a burning altar of Makhleb.
   339 | D        | Found a sparkling altar of Nemelex Xobeh.
   340 | D        | Found an iron altar of Okawaru.
   341 | D        | Found a stormy altar of Qazlal.
   342 | D        | Found a sacrificial altar of Ru.
   344 | D        | Found a bloodstained altar of Trog.
   345 | D        | Found a hide-covered altar of Uskayaw.
   346 | D        | Became a worshipper of Makhleb the Destroyer
   348 | D        | Found an ornate altar of the Wu Jian Council.
   349 | D        | Found a shimmering altar of Xom.
   350 | D        | Found a basalt altar of Yredelemnul.
   351 | D        | Found a glowing silver altar of Zin.
   352 | D        | Found a glowing golden altar of the Shining One.
   393 | D        | Noticed a komodo dragon
   393 | D        | Noticed a shadow
   393 | D        | Noticed a kobold brigand
   393 | D        | Noticed a kobold brigand
   393 | D        | Noticed a yak
   393 | D        | Noticed an acid dragon
   400 | D        | Mangled by a komodo dragon

Illustrated notes

Levels and vault maps discovered:
D:        linesprint [early_d, line_temple, items_1, d_10, items_2, lair_1,
          lair_end, items_3, orc_1, orc_end, items_4, d_15, swamp_1, shoals_1,
          snake_1, spider_1, d_20, vaults_1, items_5, swamp_end, shoals_end,
          snake_end, spider_end, vaults_end, d_27, items_6, zot_1, zot_end,
          crypt_end, forest_end, elf_end, slime_end, tomb_end, abyss_end,
          pan_hell_end]

Skill      XL: |  1  2  3  4 |
---------------+-------------+-----
Stealth        | 2 |  2.5
Dodging        | 3 |  3.2
Fighting       | 2 3 4 |  4.2
Spellcasting   | 4 5 |  5.1

Action                   |  1- 3 |  4- 6 || total
-------------------------+-------+-------++-------
 Cast: Magic Dart        |    10 |       ||    10
       Searing Ray       |     1 |     1 ||     2
  Use: Potion            |       |     2 ||     2
Armor: Robe              |     2 |       ||     2
Dodge: Dodged            |     1 |     1 ||     2

Table legend: (Time is in decaauts)
 A = Elapsed time spent in this place.
 B = Non-inter-level travel time spent in this place.
 C = Inter-level travel time spent in this place.
 D = Time resting spent in this place.
 E = Time spent auto-exploring this place.
 F = Levels seen in this place.
 G = Mean time per level.
                   A        B        C        D        E       F      G
               +--------+--------+--------+--------+--------+-----+--------+
         Total |    399 |    399 |      0 |    302 |      0 |   1 |  399.0 |
       Dungeon |    399 |    399 |      0 |    302 |      0 |   1 |  399.0 |
               +--------+--------+--------+--------+--------+-----+--------+

Top non-repeatable levels by time:
       D: 399 daAuts
